[Event "Early-Titled-Tuesday-Blitz-March-26-2024"]
[Site "Chess.com"]
[Date "2024.03.26"]
[Round "7"]
[White "YegoryoCh"]
[Black "LeRoidesChampions"]
[Result "1-0"]
[WhiteElo "2513"]
[BlackElo "2666"]
[TimeControl "180+1"]
[EndTime "9:15:05 PDT"]
[Termination "YegoryoCh won by resignation"]

1. e4 c5 2. Nf3 e6 3. d4 cxd4 4. Nxd4 a6 5. c4 Nc6 6. Nc3 Qc7 7. a3 Nf6 8. Be3 Be7 9. Rc1 b6 10. Be2 Bb7 11. O-O Nxd4 12. Qxd4 Bc5 13. Qd3 Bxe3 14. Qxe3 O-O 15. Rfd1 Bc6 16. b4 b5 17. cxb5 axb5 18.
Nxb5 Qe5 19. Nd6 Nxe4 20. f3 Qxd6 21. Rxd6 Nxd6 22. Qc5 Nf5 23. b5 Bd5 24. Bd3 Nh4 25.
Be4 Bxe4 26. fxe4 Ng6 27. b6 Nf4 28. Qe3 e5 29. Kf1 Ne6 30. b7 Rab8 31. Qa7 Rbd8 32.
a4 Nd4 33. a5 Nb3 34. Rd1 f5 35. Qb6 fxe4+ 36. Kg1 Nd4 37. a6 e3 38. a7 Ne2+ 39. Kh1 Ng3+ 40. hxg3 e2 41. Rg1 1-0

[Event "Early-Titled-Tuesday-Blitz-March-26-2024"]
[Site "Chess.com"]
[Date "2024.03.26"]
[Round "7"]
[White "theoneandonlydaaevik"]
[Black "KorolDimitriy75"]
[Result "1-0"]
[WhiteElo "2533"]
[BlackElo "2368"]
[TimeControl "180+1"]
[EndTime "9:15:05 PDT"]
[Termination "theoneandonlydaaevik won by checkmate"]

1. Nf3 c5 2. g3 g6 3. Bg2 Bg7 4. c4 Nc6 5. Nc3 Nh6 6. d4 cxd4 7. Nxd4 Nxd4 8. Bxh6 Bxh6 9. Qxd4 O-O 10. h4 Bg7 11.
Qd2 Qa5 12. Nd5 Qxd2+ 13. Kxd2 e6 14. Ne7+ Kh8 15. h5 Bf6 16. Nxc8 Raxc8 17. Rac1 Bxb2 18.
Rc2 Bf6 19. Bxb7 Rc7 20. Be4 Kg7 21. hxg6 hxg6 22. e3 Rfc8 23. Bd3 Rc5 24. Rb1 R8c7 25. Rb5 d6 26. Rc1 Kf8 27. Rcb1 Ke7 28. Rb7 Kd7 29. a4 Ra5 30. Bc2 Kc8 31. Rb8+ Kd7 32. R1b5 Ra6 33.
Bb3 Rac6 34. a5 Ke7 35. R8b7 g5 36. a6 Kd8 37. Rb8+ Ke7 38. R5b7 Be5 39. f4 gxf4 40. gxf4 Bf6 41. Rxc7+ Rxc7 42. Ba4 d5 43. Rb7 Kd6 44. c5+ Rxc5 45. Rd7# 1-0

[Event "Early-Titled-Tuesday-Blitz-March-26-2024"]
[Site "Chess.com"]
[Date "2024.03.26"]
[Round "7"]
[White "ilushka"]
[Black "Mikhail_Golubev"]
[Result "0-1"]
[WhiteElo "2502"]
[BlackElo "2708"]
[TimeControl "180+1"]
[EndTime "9:15:06 PDT"]
[Termination "Mikhail_Golubev won on time"]

1. Nf3 d6 2. d4 Nf6 3. b3 g6 4. Bb2 Bg7 5. g3 O-O 6. Bg2 a5 7. c4 a4 8. O-O Nbd7 9. Na3 c6 10.
Nc2 Qb6 11. b4 d5 12. c5 Qc7 13. Rc1 Ne4 14. a3 b6 15. cxb6 Nxb6 16. Ne3 Ba6 17.
Nd2 Nxd2 18. Qxd2 Nc4 19. Nxc4 Bxc4 20. Rfe1 f5 21. Rc2 Qd6 22. Rec1 Bb5 23. Rc5 e6 24. e3 g5 25. Bf1 f4 26. Bxb5 cxb5 27.
exf4 gxf4 28. Rc6 Qd7 29. Qe2 Rae8 30. Rc7 Qd8 31. Qg4 Qf6 32. gxf4 Kh8 33. Kh1 Rg8 0-1

[Event "Early-Titled-Tuesday-Blitz-March-26-2024"]
[Site "Chess.com"]
[Date "2024.03.26"]
[Round "7"]
[White "Let_it_be_1"]
[Black "Gorbaev"]
[Result "1-0"]
[WhiteElo "2664"]
[BlackElo "2494"]
[TimeControl "180+1"]
[EndTime "9:15:06 PDT"]
[Termination "Let_it_be_1 won by resignation"]

1. e4 c5 2. Nf3 e6 3. d4 cxd4 4. Nxd4 a6 5. Nc3 b5 6. Be2 Bb7 7. Bf3 Qc7 8. O-O Bc5 9. Be3 d6 10. Ndxb5 axb5 11. Nxb5 Qd7 12. Bxc5 dxc5 13. Nd6+ Ke7 14.
Nxb7 Qxb7 15. e5 Qa6 16. Qd6+ Qxd6 17. exd6+ Kxd6 18. Bxa8 Nf6 19. Rfd1+ Kc7 20. Bf3 Nbd7 21. a4 Ne5 22. Be2 Rb8 23. b3 Nd5 24. Bf1 Nc6 25.
Bc4 Nc3 26. Rd2 Nd4 27. f3 g5 28. a5 Ra8 29. a6 Kb6 30. Kf2 Ra7 31. Rd3 Ncb5 32.
c3 Nf5 33. Bxb5 Kxb5 34. Rd8 Rxa6 35. Rxa6 Kxa6 36. g4 Ne7 37. Rd7 Nd5 38. c4 Nf4 39. Rxf7 Ka5 40. Rxh7 Kb4 41. Rb7+ Kc3 42. Ke3 1-0

[Event "Early-Titled-Tuesday-Blitz-March-26-2024"]
[Site "Chess.com"]
[Date "2024.03.26"]
[Round "7"]
[White "Attacker_2006"]
[Black "FREDERICKtheMATE"]
[Result "0-1"]
[WhiteElo "2408"]
[BlackElo "2687"]
[TimeControl "180+1"]
[EndTime "9:15:06 PDT"]
[Termination "FREDERICKtheMATE won by resignation"]

1. Nf3 Nf6 2. g3 g6 3. Bg2 Bg7 4. O-O O-O 5. b3 b6 6. Bb2 Bb7 7. c4 c5 8. d4 cxd4 9. Nxd4 Bxg2 10. Kxg2 d5 11. cxd5 Qxd5+ 12. Nf3 Nc6 13. Qxd5 Nxd5 14.
Bxg7 Kxg7 15. Nbd2 Rac8 16. Rac1 Rfd8 17. a3 Na5 18. b4 Nb7 19. Nb3 Nc3 20. e3 Nd6 21.
Rc2 Na4 22. Rfc1 Rxc2 23. Rxc2 Nb5 24. Nbd4 Nxd4 25. Nxd4 e5 26. Nc6 Rc8 27. b5 e4 28.
Rd2 Rc7 29. Rd8 Nc3 30. Nd4 Nb1 31. a4 Nc3 32. Re8 Kf6 33. Nc6 Nxa4 34. Rxe4 Nc3 35. Rf4+ Kg7 36. Ne5 Nxb5 37. g4 Nd6 38. g5 Rc5 39. Nf3 Rc4 40. Rf6 Ne4 41. Rxf7+ Kxf7 42. Ne5+ Ke6 43. Nxc4 Nxg5 44. h4 Ne4 45. Kf3 Kd5 46. Nb2 a5 47. Ke2 b5 48. f3 Nd6 49.
Kd3 a4 50. e4+ Kc5 51. Kc3 b4+ 52. Kc2 a3 53. Nd3+ Kc4 54. Nc1 Nb5 55. f4 Nd4+ 56. Kb1 b3 57. e5 a2+ 58. Kb2 Kd5 59. Ka1 Nc2+ 60. Kb2 a1=Q+ 61. Kxb3 Qxc1 0-1

[Event "Early-Titled-Tuesday-Blitz-March-26-2024"]
[Site "Chess.com"]
[Date "2024.03.26"]
[Round "7"]
[White "Msb2"]
[Black "Eagle_2019"]
[Result "1-0"]
[WhiteElo "3040"]
[BlackElo "2860"]
[TimeControl "180+1"]
[EndTime "9:15:07 PDT"]
[Termination "Msb2 won on time"]

1. d4 d5 2. c4 e6 3. Nc3 Nf6 4. cxd5 exd5 5. Bg5 Be7 6. e3 h6 7. Bf4 O-O 8. Bd3 c5 9. Nf3 Nc6 10. O-O cxd4 11. Nxd4 Nxd4 12. exd4 Be6 13. Qd2 Bd6 14.
Rfe1 Bxf4 15. Qxf4 Rc8 16. h3 a6 17. a3 Qc7 18. Qh4 b5 19. Re3 Qd8 20. Rae1 Ne4 21. Qxd8 Rfxd8 22. Bxe4 dxe4 23. Rxe4 Kf8 24. f3 g6 25. h4 Rc4 26. Rd1 Bd5 27. Re2 b4 28. axb4 Rxb4 29. Kf2 Bb7 30. Red2 Bd5 31. Kg3 Bb3 32. Ra1 Rbxd4 33. Rxd4 Rxd4 34. Rxa6 Rd2 35. Ne4 Rxb2 36. Rb6 f5 37. Nc5 f4+ 38. Kxf4 Rxg2 39. Rxb3 Ke7 40. Rb6 g5+ 41. hxg5 Rxg5 42. Rb7+ Ke8 43.
Ne4 Ra5 44. Rh7 h5 45. Rxh5 Ra3 46. Rh7 Kf8 47. Kg4 Rxf3 48. Kxf3 1-0

[Event "Early-Titled-Tuesday-Blitz-March-26-2024"]
[Site "Chess.com"]
[Date "2024.03.26"]
[Round "7"]
[White "WindWhistler11"]
[Black "Dr_Thomas_Quilter"]
[Result "1-0"]
[WhiteElo "2431"]
[BlackElo "2028"]
[TimeControl "180+1"]
[EndTime "9:15:07 PDT"]
[Termination "WindWhistler11 won by checkmate"]

1. Nf3 Nf6 2. g3 b6 3. Bg2 Bb7 4. c4 c5 5. b3 g6 6. Bb2 Bg7 7. O-O O-O 8. e3 d6 9. Qe2 Nc6 10. Rd1 Qd7 11. d3 Rfe8 12. Nc3 a6 13. Rac1 Rab8 14.
h3 e6 15. Kh2 Ne5 16. Nxe5 dxe5 17. Ne4 Nxe4 18. dxe4 Qc7 19. Rd2 Red8 20. Rcd1 Bf6 21. f4 Rxd2 22. Rxd2 Rd8 23. Rxd8+ Qxd8 24. Bxe5 Bxe5 25.
fxe5 Qg5 26. Qd3 Qxe5 27. Qd8+ Kg7 28. Qxb6 Bxe4 29. Bxe4 Qxe4 30. Qxc5 Qc2+ 31. Kg1 Qb1+ 32. Kf2 Qxa2+ 33. Kf3 Qxb3 34. Qd4+ Kg8 35. Qd8+ Kg7 36. Qd4+ Kg8 37. c5 Qb7+ 38. e4 Kf8 39. Qd8+ Kg7 40. Qd6 Qb3+ 41. Kf4 Qc2 42. Qd4+ Kh6 43. Qe3 Qc4 44.
Ke5+ Kg7 45. Kd6 a5 46. c6 a4 47. c7 Kf8 48. Kd7 Qb5+ 49. Kd6 Ke8 50. c8=Q# 1-0

[Event "Early-Titled-Tuesday-Blitz-March-26-2024"]
[Site "Chess.com"]
[Date "2024.03.26"]
[Round "7"]
[White "Kostya0705"]
[Black "MightyGMpretender"]
[Result "1-0"]
[WhiteElo "2582"]
[BlackElo "2759"]
[TimeControl "180+1"]
[EndTime "9:15:09 PDT"]
[Termination "Kostya0705 won by checkmate"]

1. e4 e5 2. Nf3 Nc6 3. Bc4 Bc5 4. c3 Qf6 5. O-O d6 6. h3 h6 7. d3 Nge7 8. Be3 Bb6 9. Nbd2 g5 10. Nh2 h5 11. Qe2 Ng6 12. Kh1 Bd7 13. a4 g4 14. b4 a5 15. b5 Nd8 16. g3 gxh3 17. f4 exf4 18. gxf4 Nh4 19. Bxb6 cxb6 20. e5 Qe7 21. Ne4 Nf5 22. exd6 Qh4 23. Nf6+ Kf8 24. Nxd7+ Kg7 25. Rg1+ Kh6 26. Qf3 Ne6 27. Ne5 Raf8 28. Raf1 Nd8 29. Rg5 Nxd6 30. Bd5 Rhg8 31. Rfg1 Rh8 32.
Nxf7+ N8xf7 33. Rg6+ Kh7 34. Rg7+ Kh6 35. R1g6# 1-0

[Event "Early-Titled-Tuesday-Blitz-March-26-2024"]
[Site "Chess.com"]
[Date "2024.03.26"]
[Round "7"]
[White "Happy1712Drummer"]
[Black "tetrix83"]
[Result "0-1"]
[WhiteElo "2450"]
[BlackElo "2624"]
[TimeControl "180+1"]
[EndTime "9:15:10 PDT"]
[Termination "tetrix83 won on time"]

1. e4 c5 2. Nf3 d6 3. Bb5+ Bd7 4. Bxd7+ Nxd7 5. O-O Ngf6 6. Qe2 e6 7. c4 Be7 8.
Nc3 O-O 9. d4 cxd4 10. Nxd4 a6 11. b3 Rc8 12. Bb2 Qa5 13. Rac1 Rfe8 14. Nc2 Qh5 15.
Qd2 Nc5 16. Rfe1 Ng4 17. h3 Ne5 18. Rb1 Qxh3 19. gxh3 Nf3+ 20. Kg2 Nxd2 21. Rbd1 Bg5 22. Re2 Nd3 23. Rdxd2 Bxd2 24. Rxd2 Nxb2 25. Ne3 d5 26.
exd5 exd5 27. Ncxd5 Nxc4 28. bxc4 Re6 29. Rb2 Rb8 30. Rb6 Rxb6 31. Nxb6 Rd8 32. Kf3 Rd2 33. a4 Kf8 34. Ned5 Ke8 35. Ke3 Rd1 36. c5 Rh1 37. a5 Rxh3+ 38. Kd4 Ra3 39. Nc4 Rf3 40. Ke5 Kd7 41. Ncb6+ Kc6 42. Ne3 Kxc5 0-1

[Event "Early-Titled-Tuesday-Blitz-March-26-2024"]
[Site "Chess.com"]
[Date "2024.03.26"]
[Round "7"]
[White "tusplingher"]
[Black "rhwr"]
[Result "1-0"]
[WhiteElo "2505"]
[BlackElo "2322"]
[TimeControl "180+1"]
[EndTime "9:15:10 PDT"]
[Termination "tusplingher won on time"]

1. c4 c5 2. g3 g6 3. Bg2 Bg7 4. Nc3 Nf6 5. Nf3 O-O 6. d4 cxd4 7. Nxd4 Nc6 8. Nc2 d6 9. O-O Be6 10. b3 Qd7 11. e4 Bh3 12. Bg5 Bxg2 13. Kxg2 h6 14. Bd2 e6 15. Ne3 Nd4 16. Bc1 e5 17. Ba3 Rfd8 18. Ned5 Nxd5 19. Nxd5 b5 20. cxb5 Nxb5 21.
Bb2 Nc7 22. Rc1 Nxd5 23. Qxd5 Rac8 24. Ba3 Bf8 25. Rfd1 Rxc1 26. Rxc1 Rc8 27. Rxc8 Qxc8 28. Bxd6 Bxd6 29. Qxd6 Qe8 30. Qc7 a6 31. a4 Qe6 32. Qb8+ Kh7 33. b4 Qb3 34. Qb7 Kg7 35. b5 Qxa4 36. bxa6 1-0

[Event "Early-Titled-Tuesday-Blitz-March-26-2024"]
[Site "Chess.com"]
[Date "2024.03.26"]
[Round "7"]
[White "Roedor"]
[Black "abelmat"]
[Result "1-0"]
[WhiteElo "2433"]
[BlackElo "2067"]
[TimeControl "180+1"]
[EndTime "9:15:11 PDT"]
[Termination "Roedor won by checkmate"]

1. c4 Nf6 2. g3 e6 3. Bg2 d5 4. d4 Be7 5. Nf3 O-O 6. O-O dxc4 7. h4 Nc6 8. Nbd2 Rb8 9. Nxc4 b5 10. Nce5 Nxe5 11. Nxe5 Bb7 12. Bxb7 Rxb7 13. Nc6 Qd7 14. Nxe7+ Qxe7 15. Bg5 h6 16. Bxf6 Qxf6 17. e3 Qe7 18.
Qc2 Rc8 19. Rac1 Rb6 20. Qe4 c5 21. dxc5 Rxc5 22. Qa8+ Kh7 23. Rxc5 Qxc5 24. Qxa7 f6 25. Rd1 Qc6 26. Rd7 Qc1+ 27. Kh2 Kg6 28. Rxg7+ Kf5 29. Qxb6 Qc2 30. g4+ Ke4 31. Qxe6+ Kf3 32. Qf5+ Qxf5 33. gxf5 Kxf2 34. e4 Ke3 35. e5 Kf4 36. exf6 h5 37.
f7 b4 38. f8=Q b3 39. Qd6+ Kf3 40. Rg3+ Ke2 41. Qd3+ Ke1 42. Rg1+ Kf2 43. Rf1# 1-0

[Event "Early-Titled-Tuesday-Blitz-March-26-2024"]
[Site "Chess.com"]
[Date "2024.03.26"]
[Round "7"]
[White "ChessLover0108"]
[Black "Gabrielian_Artur"]
[Result "0-1"]
[WhiteElo "2950"]
[BlackElo "2818"]
[TimeControl "180+1"]
[EndTime "9:15:12 PDT"]
[Termination "Gabrielian_Artur won by resignation"]

1. Nf3 Nf6 2. c4 e6 3. d4 d5 4. e3 Be7 5. b3 O-O 6. Bb2 b6 7. Nbd2 Bb7 8. Bd3 Nbd7 9. O-O c5 10. Qe2 Rc8 11. Rfd1 Qc7 12. Rdc1 Qb8 13. cxd5 Nxd5 14. a3 Rfd8 15. Nc4 N7f6 16. Nce5 cxd4 17. Rxc8 Rxc8 18. Bxd4 h6 19. Bc4 Bc5 20. Bb2 a5 21. Rd1 Qc7 22.
h3 Qe7 23. a4 Ne4 24. Qd3 Nxf2 25. Kxf2 Nxe3 26. Kg3 Nxd1 27. Qxd1 Bd6 28. Kf2 Bd5 29. Bxd5 exd5 30. Bd4 Bc5 31. Ng4 Qe4 32. Bxc5 bxc5 33.
Nge5 c4 34. bxc4 dxc4 35. Qd7 Rf8 36. Qc6 Qc2+ 37. Kg3 c3 38. Kh2 Qb2 39. Nd3 Qb8+ 40. Nfe5 f6 41. Qxc3 fxe5 42. Qc4+ Kh8 43. Kh1 Rf1+ 44.
Kh2 e4+ 0-1

[Event "Early-Titled-Tuesday-Blitz-March-26-2024"]
[Site "Chess.com"]
[Date "2024.03.26"]
[Round "7"]
[White "AlexanderKing"]
[Black "KarstenHansch"]
[Result "0-1"]
[WhiteElo "2643"]
[BlackElo "2505"]
[TimeControl "180+1"]
[EndTime "9:15:12 PDT"]
[Termination "KarstenHansch won on time"]

1. c4 Nf6 2. Nc3 g6 3. g3 Bg7 4.
Bg2 O-O 5. Nf3 c5 6. O-O d6 7. d4 Nc6 8. dxc5 dxc5 9. Bf4 Be6 10. Ne5 Nxe5 11. Bxe5 Bxc4 12. Bxb7 Qxd1 13. Rfxd1 Rad8 14. b3 Be6 15. Ba6 Nd5 16. Bxg7 Kxg7 17. Ne4 Nb4 18.
Nxc5 Bc8 19. Bc4 e6 20. a3 Nc6 21. Rac1 Ne5 22. f4 Ng4 23. h3 Ne3 24. Rd3 Nxc4 25. bxc4 e5 26. Kg2 Bf5 27. Rxd8 Rxd8 28. fxe5 Rd2 29.
Kf3 h5 30. g4 hxg4+ 31. hxg4 Bc8 32. Ke3 Ra2 33. Rc3 Bxg4 34. Nd3 Rxe2+ 35. Kd4 Bf5 36.
Nc5 Rd2+ 37. Ke3 Rd8 38. Nb3 Re8 39. Kd4 Rd8+ 40. Ke3 Be6 41. Nd4 Rc8 42. c5 Bd5 43. c6 Kf8 44. c7 Ke7 45. Nb5 Kd7 46. Rc5 Be6 47. Kf4 a6 48. Nd6 Rxc7 49. Ra5 Rc6 50. Kg5 Ke7 0-1

[Event "Early-Titled-Tuesday-Blitz-March-26-2024"]
[Site "Chess.com"]
[Date "2024.03.26"]
[Round "7"]
[White "Elegance_Riks"]
[Black "ketster"]
[Result "1-0"]
[WhiteElo "2789"]
[BlackElo "2579"]
[TimeControl "180+1"]
[EndTime "9:15:14 PDT"]
[Termination "Elegance_Riks won on time"]

1. Nf3 Nf6 2. c4 e6 3. g3 d5 4. Bg2 d4 5. O-O c5 6. d3 Nc6 7. e3 Bd6 8. exd4 cxd4 9. Bg5 h6 10. Bxf6 Qxf6 11. Nbd2 Qd8 12. a3 a5 13. Rc1 O-O 14. c5 Be7 15. Re1 Bd7 16. Ne5 Nxe5 17. Rxe5 Bc6 18.
Nc4 Bxg2 19. Kxg2 f6 20. Re1 Bxc5 21. Qf3 b5 22. Nd2 Qe7 23. Nb3 Rac8 24. Nxa5 e5 25. b4 Bb6 26. Qd5+ Kh8 27. Nc6 Qb7 28. Qxb5 Rc7 29. Qd5 Qa6 30. Qb3 Ra8 31. Ra1 Qb5 32. Nxe5 fxe5 33. a4 Qc6+ 34. Kg1 Qc3 35. Qd5 Qxb4 36.
Qxa8+ Kh7 37. Qe4+ Kh8 38. Qxe5 Rc2 39. a5 Bc7 40. Qe8+ Kh7 41. Qe4+ Kh8 42. a6 Qd2 43. Rf1 Ra2 44. a7 Qa5 45. a8=Q+ Qxa8 46. Qxa8+ 1-0

[Event "Early-Titled-Tuesday-Blitz-March-26-2024"]
[Site "Chess.com"]
[Date "2024.03.26"]
[Round "7"]
[White "BallottiLuca"]
[Black "AnaKuchava"]
[Result "1-0"]
[WhiteElo "2363"]
[BlackElo "2135"]
[TimeControl "180+1"]
[EndTime "9:15:14 PDT"]
[Termination "BallottiLuca won on time"]

1. d4 d5 2. c4 e6 3. Nf3 Nf6 4. g3 Bb4+ 5. Nbd2 O-O 6. Bg2 c5 7. cxd5 exd5 8. a3 Bxd2+ 9. Bxd2 c4 10. Ne5 Nc6 11. Bc3 Bf5 12. b3 cxb3 13. Qxb3 Na5 14. Qa4 Nc6 15. Nxc6 bxc6 16. O-O Qb6 17. Ba5 Qa6 18.
Rfc1 Rfc8 19. Bf1 Bd7 20. e4 Qb7 21. Rab1 c5 22. Rxb7 Bxa4 23. dxc5 Nxe4 24. Rb4 Rxc5 25. Rxc5 Nxc5 26. Bg2 Rc8 27. Bxd5 Bd7 28. Kg2 Be6 29. Bxe6 fxe6 30. Rc4 1-0

[Event "Early-Titled-Tuesday-Blitz-March-26-2024"]
[Site "Chess.com"]
[Date "2024.03.26"]
[Round "7"]
[White "Masterisback04"]
[Black "DmitriiZakurdaev"]
[Result "1-0"]
[WhiteElo "2018"]
[BlackElo "2391"]
[TimeControl "180+1"]
[EndTime "9:15:15 PDT"]
[Termination "Masterisback04 won by checkmate"]

1. e4 c6 2. d4 d5 3. e5 Bf5 4. h4 h5 5. Bd3 Bxd3 6. Qxd3 e6 7.
c4 dxc4 8. Qxc4 Nd7 9. Nc3 Nb6 10. Qd3 Ne7 11. Nf3 Nf5 12. g3 Nd5 13. O-O Be7 14.
Ne4 Qb6 15. a3 Rd8 16. Rd1 a5 17. Qc2 Nc7 18. Bg5 Bxg5 19. Nexg5 Nb5 20. d5 cxd5 21. Qd3 Nxg3 22. Nxe6 Ne4 23. Qxb5+ Qxb5 24. Nc7+ Ke7 25. Nxb5 Rc8 26. Rxd5 Rc2 27. Rad1 Rxb2 28. Rd7+ Ke6 29. Nc7+ Kf5 30. Rxf7+ Kg4 31. Rd4 Re2 32.
Nd5 Rc8 33. Ne3+ Kh3 34. Rxe4 Rc1+ 35. Nf1 Rxe4 36. Ng5+ Kxh4 37. Nxe4 Ra1 38. Kg2 Rxa3 39. Rf4# 1-0

[Event "Early-Titled-Tuesday-Blitz-March-26-2024"]
[Site "Chess.com"]
[Date "2024.03.26"]
[Round "7"]
[White "ernestina08chess"]
[Black "Hui_Li_Macau"]
[Result "0-1"]
[WhiteElo "2224"]
[BlackElo "2393"]
[TimeControl "180+1"]
[EndTime "9:15:16 PDT"]
[Termination "Hui_Li_Macau won by resignation"]

1. e4 e5 2. Nf3 Nf6 3. Nxe5 d6 4.
Nf3 Nxe4 5. c3 d5 6. d3 Nf6 7.
d4 Bd6 8. Bd3 O-O 9. O-O Bg4 10. Bg5 c6 11. Nbd2 Nbd7 12. h3 Bh5 13. Re1 Qc7 14. Qc2 Bg6 15. Bxg6 hxg6 16. Bxf6 gxf6 17.
Re2 Rfe8 18. Rae1 Rxe2 19. Rxe2 f5 20. Nf1 Nf6 21. N1d2 Ne4 22. Nxe4 fxe4 23. Nd2 Kg7 24. c4 f5 25. cxd5 cxd5 26. Qxc7+ Bxc7 27. Nb3 Bd6 28. Rc2 Kf7 29. Kf1 Ke7 30. Ke2 b6 31. g3 g5 32.
Rc1 Rh8 33. Rh1 Rc8 34. Rc1 Rh8 35. Rh1 f4 36. gxf4 gxf4 37. h4 Kf6 38. Nd2 Kf5 39. f3 Rh5 40. a3 Be7 41. Rc1 Rxh4 42. Rc7 Rh2+ 43. Ke1 Bh4+ 44. Kd1 e3 45. Nf1 e2+ 0-1

[Event "Early-Titled-Tuesday-Blitz-March-26-2024"]
[Site "Chess.com"]
[Date "2024.03.26"]
[Round "7"]
[White "SaiAgni_98"]
[Black "RianKapriaga"]
[Result "0-1"]
[WhiteElo "2491"]
[BlackElo "2344"]
[TimeControl "180+1"]
[EndTime "9:15:17 PDT"]
[Termination "RianKapriaga won on time"]

1. e4 c6 2. Nf3 d5 3. exd5 cxd5 4. Ne5 Nd7 5. Bb5 a6 6. Bxd7+ Bxd7 7. d4 Nf6 8. O-O Rc8 9. Re1 g6 10. Nd2 Bg7 11.
Ndf3 O-O 12. c3 Bg4 13. Qb3 Bxf3 14. Nxf3 Qc7 15. Bg5 e6 16. Bxf6 Bxf6 17. a4 Qc4 18. Qxc4 Rxc4 19. Nd2 Rc6 20. Ra3 Be7 21. Rb3 b6 22. f4 Bd6 23. g3 Rb8 24. Kf2 b5 25. axb5 axb5 26. Ra1 b4 27. Ke3 bxc3 28.
Rxc3 Rcb6 29. Rac1 Rxb2 30. Rc8+ Kg7 31. Rxb8 Bxb8 32. Rc8 Ba7 33. Nf3 Rb3+ 34. Ke2 h6 35. Rc7 Bb8 36. Rd7 Kf8 37. Kf2 Ke8 0-1

[Event "Early-Titled-Tuesday-Blitz-March-26-2024"]
[Site "Chess.com"]
[Date "2024.03.26"]
[Round "7"]
[White "VladimirKramnik"]
[Black "Bykov_Egor"]
[Result "1-0"]
[WhiteElo "2991"]
[BlackElo "2653"]
[TimeControl "180+1"]
[EndTime "9:15:18 PDT"]
[Termination "VladimirKramnik won on time"]

1. e4 c5 2. Nf3 e6 3. d4 cxd4 4. Nxd4 Nf6 5. Nc3 Nc6 6. a3 d5 7. Bb5 Bd7 8. exd5 exd5 9. O-O Be7 10. Be3 O-O 11. Be2 Ne5 12. Nf3 Nc4 13. Bd4 Nxb2 14. Qb1 Na4 15. Nxa4 Bxa4 16. Bd3 Qc7 17. Qb2 Rac8 18.
h3 b6 19. Rfe1 Rfe8 20. Re2 Nh5 21. Rae1 Nf4 22. Bxg7 Nxe2+ 23. Rxe2 Qd6 24. Be5 Qxa3 25. Qd4 Qb4 26. c4 Rxc4 27. Bxc4 Qxc4 28. Qd2 Rc8 29. Bb2 Qc5 30. Nd4 Bd7 31. Qh6 Bf8 32. Qg5+ Bg7 33. Ne6 1-0

[Event "Early-Titled-Tuesday-Blitz-March-26-2024"]
[Site "Chess.com"]
[Date "2024.03.26"]
[Round "7"]
[White "NikitaShnadrygin"]
[Black "DinaBelenkaya"]
[Result "1-0"]
[WhiteElo "2645"]
[BlackElo "2476"]
[TimeControl "180+1"]
[EndTime "9:15:20 PDT"]
[Termination "NikitaShnadrygin won by resignation"]

1. e4 c6 2. d4 d5 3. f3 Qb6 4.
Nc3 dxe4 5. fxe4 e5 6. Nf3 exd4 7. Qxd4 Qxd4 8. Nxd4 Nd7 9. Bf4 Bb4 10. Nf5 g6 11. Nd6+ Ke7 12. O-O-O f6 13. Bc4 Nb6 14. Bb3 Bg4 15. Rd3 g5 16. Bg3 c5 17. Nd5+ Nxd5 18. Bxd5 Nh6 19. Nxb7 Be6 20. Bd6+ Kf7 21. Bxc5 Bxd5 22.
exd5 Bxc5 23. Nxc5 Nf5 24. Ne4 Rad8 25. Rf1 Kg6 26.
c4 Nd6 27. Nxd6 Rxd6 28. Re3 Rc8 29. b3 f5 30. Rfe1 f4 31. Re6+ Rxe6 32. Rxe6+ Kf5 33.
Kd2 g4 34. Re7 h5 35. d6 Rd8 36. c5 a5 37. Kd3 Kf6 38. Re1 Kf5 39. Kd4 f3 40. gxf3 gxf3 41. Ke3 Re8+ 42. Kf2 Rc8 43. d7 Rd8 44. c6 Kf4 1-0

[Event "Early-Titled-Tuesday-Blitz-March-26-2024"]
[Site "Chess.com"]
[Date "2024.03.26"]
[Round "7"]
[White "GMKrikor"]
[Black "MarijaKuznecova"]
[Result "1-0"]
[WhiteElo "2876"]
[BlackElo "2409"]
[TimeControl "180+1"]
[EndTime "9:15:20 PDT"]
[Termination "GMKrikor won by resignation"]

1. Nf3 c5 2. c4 Nc6 3. Nc3 e5 4. e3 Nf6 5. d4 cxd4 6. exd4 e4 7. Ne5 h5 8. Be2 Qc7 9. Nb5 Qb8 10. Bf4 Bb4+ 11.
Kf1 Nxe5 12. Bxe5 d6 13. Bf4 a6 14. Qa4 axb5 15. Qxb5+ Bd7 16. Qxb4 Ra6 17. h3 O-O 18. a3 Rc8 19. Qd2 Ra4 20. b3 Ra7 21. c5 Ne8 22. Bxh5 Qc7 23. Kg1 Qc6 24. Kh2 Qd5 25. Be2 Qxb3 26.
Rhb1 Qd5 27. cxd6 Nxd6 28. Be3 Nf5 29. Rc1 Re8 30. Kg1 Bc6 31. Bc4 Qd6 32. d5 Nxe3 33. Qxe3 Ra4 34. dxc6 bxc6 35. Bb3 Ra7 36. Rd1 Qf6 37.
Qxa7 1-0

[Event "Early-Titled-Tuesday-Blitz-March-26-2024"]
[Site "Chess.com"]
[Date "2024.03.26"]
[Round "7"]
[White "DrVelja"]
[Black "Rashad_Zeynalli"]
[Result "1-0"]
[WhiteElo "3003"]
[BlackElo "2684"]
[TimeControl "180+1"]
[EndTime "9:15:21 PDT"]
[Termination "DrVelja won by checkmate"]

1. e4 c5 2. Nf3 d6 3. Bb5+ Bd7 4. Be2 Nf6 5. Nc3 Nc6 6. d4 cxd4 7. Nxd4 g6 8. O-O Bg7 9. Be3 O-O 10. Re1 Ng4 11. Bxg4 Bxd4 12. Bxd4 Bxg4 13. f3 Nxd4 14. Qxd4 Be6 15.
Nd5 Bxd5 16. exd5 Rc8 17. c3 Rc5 18. Re2 Qd7 19. Rae1 Re8 20. Qh4 Rxd5 21. Rxe7 Rxe7 22. Rxe7 Qd8 23. Re4 Rd1+ 24. Kf2 Rd2+ 25. Kf1 Qb6 26. Re2 Qb5 27. c4 Rd1+ 28. Kf2 Qc5+ 29. Kg3 Rd4 30. Qf6 Qc8 31. Qxd4 Qc7 32. Re8# 1-0

[Event "Early-Titled-Tuesday-Blitz-March-26-2024"]
[Site "Chess.com"]
[Date "2024.03.26"]
[Round "7"]
[White "Philippians46"]
[Black "ChristianArca"]
[Result "0-1"]
[WhiteElo "2985"]
[BlackElo "2693"]
[TimeControl "180+1"]
[EndTime "9:15:21 PDT"]
[Termination "ChristianArca won by checkmate"]

1. d4 d5 2. Nf3 Nf6 3. c4 c6 4.
Nc3 a6 5. e3 Bf5 6. cxd5 cxd5 7. Qb3 b5 8. a4 b4 9. Qxb4 Nc6 10.
Qb3 Rb8 11. Nb5 e6 12. Bd2 Ne4 13. Rc1 Na5 14. Qd1 axb5 15. Bxb5+ Rxb5 16. axb5 Nxd2 17. Nxd2 Bb4 18. O-O Bd3 19. Qa4 Bxd2 20. b6+ Ke7 21.
Rc7+ Kf6 22. Rd1 Nc4 23. b3 Nb2 24. Qa1 Nxd1 25. Qxd1 Ba5 26. Qxd3 Bxb6 27. Rb7 Qd6 28. Qd1 Bc7 29. g3 Rb8 30. Ra7 Qb6 31. Qa1 h5 32. h4 g6 33. Qa4 Rb7 34. Ra8 Qb5 35.
Qa1 Qxb3 36. Kg2 Qb1 37. Qa4 Qe4+ 38. f3 Rb2+ 39. Qc2 Rxc2+ 40. Kh3 Qxh4+ 41. gxh4 Rh2# 0-1

[Event "Early-Titled-Tuesday-Blitz-March-26-2024"]
[Site "Chess.com"]
[Date "2024.03.26"]
[Round "7"]
[White "suyu28"]
[Black "FormerProdigy"]
[Result "0-1"]
[WhiteElo "2855"]
[BlackElo "2985"]
[TimeControl "180+1"]
[EndTime "9:15:22 PDT"]
[Termination "FormerProdigy won by resignation"]

1. e4 c6 2. Nf3 d5 3. Nc3 Bg4 4. h3 Bxf3 5. Qxf3 e6 6. Be2 d4 7. Nb1 Bd6 8. d3 h5 9. Nd2 Nd7 10. h4 Ne5 11. Qh3 Nf6 12. g3 Neg4 13. a3 b5 14. Nf1 Qa5+ 15. Bd2 b4 16. a4 Qc5 17.
Rc1 b3 18. cxb3 Qb6 19. f3 Ne3 20. Nxe3 dxe3 21. Bc3 Bb4 22. O-O Bxc3 23. Rxc3 O-O 24. Rfc1 Qd4 25. R1c2 Rab8 26. f4 Rb4 27. Qf1 Rfb8 28.
Qc1 Rxb3 29. Rxb3 Rxb3 30. Kg2 g6 31. Kf1 Rxd3 32. Bxd3 Qxd3+ 33. Re2 Nxe4 34. Qxe3 Nxg3+ 35. Kf2 Qxe2+ 36. Qxe2 Nxe2 37. Kxe2 f6 38. Kd3 Kf7 39. Kd4 g5 40. fxg5 fxg5 41. hxg5 Kg6 42. b4 h4 43. b5 cxb5 44. axb5 h3 45. Ke3 h2 46. b6 h1=Q 47.
bxa7 Qa8 48. Kf4 Qxa7 49. Kg4 Qd4+ 50. Kh3 Kxg5 51. Kh2 Qe3 52. Kh1 Kg4 0-1

[Event "Early-Titled-Tuesday-Blitz-March-26-2024"]
[Site "Chess.com"]
[Date "2024.03.26"]
[Round "7"]
[White "sokidze"]
[Black "Barmen_EV"]
[Result "1-0"]
[WhiteElo "2795"]
[BlackElo "2573"]
[TimeControl "180+1"]
[EndTime "9:15:22 PDT"]
[Termination "sokidze won by checkmate"]

1. d4 f5 2. Bg5 g6 3. Nc3 Bg7 4. e3 Nf6 5. Bc4 e6 6. h4 h6 7. Bf4 O-O 8. Nf3 d6 9. Qe2 Qe8 10. O-O-O Bd7 11. Bb3 Ne4 12. Nxe4 fxe4 13. Nd2 a5 14. a3 d5 15. Bxc7 Na6 16. Bxa5 Nc5 17. Bb4 Nxb3+ 18. Nxb3 Rf7 19. f4 Bb5 20. Qg4 Rc8 21.
Kb1 Rfc7 22. c3 Ba4 23. Ka2 h5 24. Qe2 Bb5 25. Qc2 Bc4 26. Kb1 b6 27. Nc1 Bb5 28.
Rdg1 Bf8 29. Bxf8 Kxf8 30. Qb3 Ba4 31. Qb4+ Kf7 32. g4 Rc4 33. Qd6 R8c6 34. Qe5 hxg4 35. h5 Qc8 36. hxg6+ Kxg6 37. Rxg4+ Kf7 38. Rh7+ Ke8 39. Rg8# 1-0